 Dungeon Crawl Stone Soup version 0.19-a0-1879-gd95bc26 (webtiles) character file.

11691 Naow the Severer (level 11, 0/127 HPs)
             Began as a Minotaur Berserker on Oct 14, 2016.
             Was a High Priest of Trog.
             Succumbed to a spiny frog's poison
             ... on level 1 of the Lair of Beasts.
             The game lasted 00:19:25 (10644 turns).

Naow the Severer (Minotaur Berserker)              Turns: 10644, Time: 00:19:26

Health: 0/127      AC: 15    Str: 28    XL:     11   Next: 52%
Magic:  3/3        EV:  8    Int:  7    God:    Trog [*****.]
Gold:   561        SH:  0    Dex:  9    Spells: 0 memorised, 10 levels left

rFire  + . .     SeeInvis .     O - +4 executioner's axe (antimagic)
rCold  . . .     Gourm    .     j - +1 plate armour
rNeg   . . .     Faith    .     (shield currently unavailable)
rPois  .         Spirit   .     (helmet restricted)
rElec  .         Dismiss  .     (no cloak)
rCorr  .         Reflect  .     k - +0 pair of gloves
MR     .....     Harm     .     (no boots)
Stlth  ..........               (no amulet)
                                (no ring)
                                q - ring of protection from fire

@: berserking (expiring), lethally poisoned (0 -> -18), very quick
A: retaliatory headbutt, horns 2
a: Berserk, Trog's Hand, Brothers in Arms, Burn Spellbooks, Renounce Religion


You were on level 1 of the Lair of Beasts.
You worshipped Trog.
Trog was extremely pleased with you.
You were hungry.

You visited 2 branches of the dungeon, and saw 10 of its levels.
You also visited: Sewer.

You collected 561 gold pieces.

Inventory:

Hand Weapons
 a - a +1 hand axe
 O - a +4 antimagic executioner's axe (weapon)
Armour
 b - a +0 animal skin
 j - a +1 plate armour (worn)
 k - a +0 pair of gloves (worn)
Jewellery
 q - a ring of protection from fire (left hand)
 K - an uncursed amulet of the gourmand {unknown}
 L - an uncursed ring of stealth {unknown}
Wands
 s - a wand of lightning (7/15)
 G - a wand of iceblast (7/15)
 J - a wand of digging (21/24)
 T - a wand of iceblast (10/15)
Scrolls
 f - 10 scrolls of identify {unknown}
 h - 2 scrolls of teleportation {unknown}
 i - 5 scrolls of enchant armour
 l - 2 scrolls of fog
 m - a scroll of random uselessness {unknown}
 p - 5 scrolls of enchant weapon
 t - 2 scrolls of magic mapping {unknown}
 x - 2 scrolls of amnesia
 y - a scroll of fear {unknown}
 B - a scroll of recharging {unknown}
 C - 5 scrolls of remove curse
 D - a scroll of silence {unknown}
 F - a scroll of blinking {unknown}
 N - 2 scrolls of immolation {unknown}
Potions
 d - a potion of berserk rage {unknown}
 e - 3 potions of degeneration
 g - 2 potions of agility {unknown}
 n - 4 potions of curing {unknown}
 r - 3 potions of heal wounds
 u - 2 potions of mutation {unknown}
 w - a potion of might {unknown}
 z - a potion of brilliance {unknown}
 A - a potion of resistance {unknown}
 I - a potion of cure mutation {unknown}
 M - 2 potions of haste {unknown}
 S - a potion of flight {unknown}
Books
 v - a book of Conjurations

   Spells                             Type                      Level
   a - Magic Dart                     Conjuration                  1
   b - Searing Ray                    Conjuration                  2
   c - Dazzling Spray                 Conjuration/Hexes            3
   d - Fulminant Prism                Conjuration/Hexes            4
   e - Iskenderun's Mystic Blast      Conjuration                  4
   f - Iskenderun's Battlesphere      Conjuration/Charms           5
   Trog disapproves of the use of such an item.
 E - a book of Misfortune

   Spells                             Type                      Level
   a - Confusing Touch                Hexes                        1
   b - Confuse                        Hexes                        3
   c - Gell's Gravitas                Hexes/Translocation          3
   d - Petrify                        Transmutation/Earth          4
   e - Metabolic Englaciation         Hexes/Ice                    5
   f - Yara's Violent Unravelling     Hexes/Transmutation          5
   Trog disapproves of the use of such an item.
 P - a book of Misfortune

   Spells                             Type                      Level
   a - Confusing Touch                Hexes                        1
   b - Confuse                        Hexes                        3
   c - Gell's Gravitas                Hexes/Translocation          3
   d - Petrify                        Transmutation/Earth          4
   e - Metabolic Englaciation         Hexes/Ice                    5
   f - Yara's Violent Unravelling     Hexes/Transmutation          5
   Trog disapproves of the use of such an item.
 R - a book of Clouds

   Spells                             Type                      Level
   a - Mephitic Cloud                 Conjuration/Poison/Air       3
   b - Conjure Flame                  Conjuration/Fire             3
   c - Poisonous Cloud                Conjuration/Poison/Air       6
   d - Freezing Cloud                 Conjuration/Ice/Air          6
   e - Ring of Flames                 Charms/Fire                  7
   Trog disapproves of the use of such an item.
Comestibles
 c - 6 bread rations
 o - 13 fruits
 H - a meat ration
 Q - 7 chunks of flesh


   Skills:
 - Level 4.4 Fighting
 + Level 19.2 Axes
 - Level 6.6 Armour
 - Level 2.5 Dodging


You had 10 spell levels left.
You didn't know any spells.

Dungeon Overview and Level Annotations

Branches:
Dungeon (9/15)             Temple (0/1) D:6            Lair (1/6) D:9
    Orc: D:9-12

Altars:
Dithmenos
Elyvilon
Gozag
Hepliaklqana
Kikubaaqudgha


Innate Abilities, Weirdness & Mutations

You reflexively headbutt those who attack you in melee.
You have a pair of horns on your head.


Message History

The hippogriff pecks you but does no damage.
The hippogriff barely misses you. The spiny frog closely misses you.
You furiously retaliate!
You headbutt the spiny frog!
You kill the spiny frog!
Trog accepts your kill.
You barely miss the hippogriff. You headbutt the hippogriff!
The hippogriff is severely wounded.
* * * LOW HITPOINT WARNING * * *
You feel sick. The hippogriff closely misses you.
The hippogriff barely misses you.
The hippogriff claws you but does no damage.
You cut the hippogriff into ribbons!!!
You kill the hippogriff!
Trog accepts your kill.
* * * LOW HITPOINT WARNING * * *
You feel sick.
* * * LOW HITPOINT WARNING * * *
You feel very sick.
You feel a strong urge to attack something.
You die...

♣≈≈♣≈≈≈P♣P≈♣......##
≈≈P≈≈≈≈P♣≈≈##....P#
♣≈≈≈≈≈≈≈≈♣♣#....## ≈≈≈≈≈≈≈P≈
#.....# ≈≈≈≈≈≈≈≈≈ #....##
≈≈≈≈≈≈≈≈♣♣#....# ≈≈≈≈≈≈≈≈≈≈♣....#
≈≈≈≈≈≈PP♣≈#....#
P≈≈≈≈≈≈≈≈≈≈≈@≈....#
≈≈≈≈≈≈≈≈≈≈≈≈P....##
≈≈≈≈≈≈≈≈P≈≈♣♣#...#
≈≈≈≈≈≈≈≈≈†≈♣≈#..##
#♣♣≈P≈≈≈≈≈≈≈♣♣#...##
##P♣♣PP≈≈≈≈≈≈≈≈.#..P#
#≈≈♣P≈≈PP≈≈♣≈P≈....##########
###.≈♣≈≈≈≈≈≈≈≈≈≈##........#≈≈♣#
....♣♣≈≈♣≈≈≈≈≈P#≈#...###....P≈♣##


There were no monsters in sight!

Vanquished Creatures
  Erica (D:9)
  Joseph (Lair:1)
  A black mamba (Lair:1)
  3 spiny frogs (Lair:1)
  2 komodo dragons (Lair:1)
  3 hippogriffs
  16 yaks (D:9)
  A hungry ghost (D:9)
  Edmund (D:5)
  A water moccasin (D:8)
  Duvessa (D:5)
  7 porcupines (D:9)
  3 orc warriors
  A black bear (D:7)
  An ice beast (D:5)
  2 phantoms
  A sky beast (D:7)
  A centaur (D:7)
  5 ogres
  4 crocodiles
  A big kobold (D:9)
  Blork the orc (D:5)
  11 bullfrogs
  Dowan (D:5)
  A wyvern zombie (D:7)
  A wyvern skeleton (D:8)
  2 scorpions
  10 killer bees (D:8)
  3 electric eels (Lair:1)
  4 howler monkeys
  3 wights (D:9)
  5 crimson imps
  2 centaur zombies
  4 orc priests
  6 hounds
  2 jellies
  7 orc wizards
  A centaur skeleton (D:6)
  9 worker ants
  A killer bee zombie (D:8)
  A hound zombie (D:8)
  3 hound skeletons
  Robin (D:4)
  12 gnolls
  15 adders
  3 river rats (D:9)
  2 oozes
  6 adder skeletons
  A worm (D:3)
  5 dart slugs
  11 leopard geckos
  26 orcs
  A bat zombie (D:2)
  9 giant cockroaches
  21 goblins
  11 hobgoblins
  15 jackals
  13 kobolds
  5 quokkas
  8 ball pythons
  9 bats
  8 frilled lizards
  7 rats
  A rat zombie (D:2)
  A plant (D:9)
326 creatures vanquished.

Vanquished Creatures (others)
  A plant (D:9)
1 creature vanquished.

Grand Total: 327 creatures vanquished

Notes
Turn   | Place    | Note
-------+----------+-------------------------------------------
     0 | D:1      | Naow the Minotaur Berserker began the quest for the Orb.
     0 | D:1      | Reached XP level 1. HP: 19/19 MP: 0/0
    13 | D:1      | Reached skill level 4 in Axes
    16 | D:1      | Reached XP level 2. HP: 11/27 MP: 1/1
   267 | D:1      | Reached XP level 3. HP: 30/33 MP: 2/2
   270 | D:1      | Reached ** piety under Trog
  1261 | D:2      | Reached XP level 4. HP: 40/41 MP: 3/3
  1365 | D:2      | You fall through a shaft!
  1495 | D:2      | Reached XP level 5. HP: 38/47 MP: 4/4
  1518 | D:2      | Found a white marble altar of Elyvilon.
  1548 | D:2      | Reached *** piety under Trog
  1598 | D:2      | Reached skill level 5 in Armour
  1632 | D:2      | Found an ancient bone altar of Kikubaaqudgha.
  2027 | D:3      | Found a faded altar of an unknown god.
  2477 | D:4      | Noticed Robin
  2484 | D:4      | Reached XP level 6. HP: 53/53 MP: 5/5
  2489 | D:4      | Killed Robin
  2530 | D:4      | Reached skill level 5 in Axes
  2766 | D:4      | Reached **** piety under Trog
  3053 | D:4      | Reached skill level 6 in Axes
  3092 | D:4      | Reached XP level 7. HP: 36/60 MP: 6/6
  3300 | D:5      | Entered Level 5 of the Dungeon
  3315 | D:5      | Reached skill level 7 in Axes
  3458 | D:5      | Found an opulent altar of Gozag.
  3492 | D:5      | Reached skill level 8 in Axes
  3562 | D:5      | Noticed Edmund
  3573 | D:5      | Killed Edmund
  3613 | D:5      | Found a glowing drain.
  3619 | Sewer    | Entered a sewer
  3636 | Sewer    | Reached skill level 9 in Axes
  3865 | Sewer    | Reached XP level 8. HP: 58/67 MP: 7/7
  4732 | D:5      | Noticed Duvessa
  4734 | D:5      | Noticed Dowan
  4735 | D:5      | Noticed Blork the orc
  4739 | D:5      | Killed Duvessa
  4739 | D:5      | Reached skill level 10 in Axes
  4743 | D:5      | Killed Dowan
  4752 | D:5      | Killed Blork the orc
  4922 | D:6      | Reached skill level 11 in Axes
  5250 | D:6      | Found a staircase to the Ecumenical Temple.
  5554 | D:6      | Reached skill level 12 in Axes
  5597 | D:7      | Reached ***** piety under Trog
  5665 | D:7      | Reached XP level 9. HP: 72/72 MP: 8/8
  5814 | D:7      | Reached skill level 13 in Axes
  5974 | D:7      | Received a gift from Trog
  6736 | D:8      | Reached skill level 14 in Axes
  7074 | D:8      | Reached skill level 15 in Axes
  7338 | D:8      | Reached XP level 10. HP: 74/80 MP: 3/9
  7802 | D:9      | Found a shadowy altar of Dithmenos.
  7870 | D:9      | Reached skill level 16 in Axes
  8216 | D:9      | Reached skill level 17 in Axes
  8217 | D:9      | HP: 5/120 [yak (4)]
  8397 | D:9      | Found a staircase to the Lair.
  8451 | D:9      | Noticed Erica
  8458 | D:9      | Killed Erica
  8458 | D:9      | Reached XP level 11. HP: 85/85 MP: 3/10
  8524 | D:9      | Reached skill level 18 in Axes
  8906 | D:9      | Found a hazy altar of Hepliaklqana.
  8944 | Lair:1   | Entered Level 1 of the Lair of Beasts
  8954 | Lair:1   | Noticed Joseph
  8960 | Lair:1   | Killed Joseph
 10026 | Lair:1   | Reached skill level 19 in Axes
 10641 | Lair:1   | HP: 6/127 [poisoned by a spiny frog]
 10643 | Lair:1   | HP: 1/127 [poisoned by a spiny frog]
 10644 | Lair:1   | Succumbed to a spiny frog's poison

Vault maps used:
D:1:      dpeg_arrival_tiny_h, minmay_pentomino_o2
D:2:      elyvilon_altar_5, lemuel_zombie_altar_kikubaaqudgha,
          minmay_misc_feat_square, patterned_corridor
D:3:      ecumenical_altar_1, nrook_loot_triangle
D:4:      first_bread, uniq_robin
D:5:      lemuel_crystal_altar, lightli_sewer_entry_pipes, uniq_blork_the_orc,
          uniq_duvessa, uniq_edmund
D:6:      minmay_misc_feat_diagonals
D:9:      lemuel_round_altar, nicolae_dithmenos_through_a_glass_darkly,
          minmay_lair_entry_grove, serial_glass, glass_columns_c,
          glass_columns_a, due_unseen_surprise, minmay_strange_pillars,
          feat_on_display, minmay_strange_pillars, uniq_erica
Lair:1:   serial_bayou_lake_a, serial_bayou_shore_b, bh_autumn_forest_stairs,
          uniq_joseph
Sewer:    sewer_frog_island_01

Skill      XL: |  1  2  3  4  5  6  7  8  9 10 11 |
---------------+----------------------------------+-----
Axes           | 4 6 9 12 15 17 19 | 19.2
Fighting       | 4 |  4.4
Armour         | 3 4 6 |  6.6
Dodging        | |  2.5

Action                   |  1- 3 |  4- 6 |  7- 9 | 10-12 || total
-------------------------+-------+-------+-------+-------++-------
Melee: Hand axe          |    84 |   200 |   298 |       ||   582
       Headbutt          |    11 |    24 |    67 |    40 ||   142
       Executioner's axe |       |       |    84 |   218 ||   302
Invok: Berserk           |       |     3 |     7 |     8 ||    18
       Trog's Hand       |       |       |     1 |     4 ||     5
       Brothers in Arms  |       |       |       |     1 ||     1
  Use: Scroll            |       |       |     5 |       ||     5
       Potion            |       |       |       |     2 ||     2
 Stab: Distracted        |       |       |     1 |       ||     1
  Eat: Chunk             |     1 |     9 |    19 |    21 ||    50
       Beef jerky        |       |       |       |     1 ||     1
Armor: Animal skin       |     8 |       |       |       ||     8
       Plate armour      |     4 |   162 |   242 |    97 ||   505
Dodge: Dodged            |    46 |    76 |   135 |    84 ||   341
